 Dungeon Crawl Stone Soup version 0.28.0-43-g3370ac3207 (webtiles) character file.

Game seed: 8175009088598999104

4 smarlow the Sneak (level 1, 0/9 HPs)
             Began as a Spriggan Enchanter on Mar 8, 2022.
             Slain by a kobold
             ... wielding a +0 short sword
              (3 damage)
             ... on level 1 of the Dungeon.
             The game lasted 00:00:11 (168 turns).

smarlow the Sneak (Spriggan Enchanter)               Turns: 168, Time: 00:00:12

Health: 0/9        AC:  2    Str:  4    XL:     1   Next: 50%
Magic:  5/5        EV: 17    Int: 16    God:
Gold:   6          SH:  0    Dex: 15    Spells: 5/5 levels left

rFire   . . .      SeeInvis +   a - +1 dagger
rCold   . . .      Faith    .   (no shield)
rNeg    . . .      Spirit   .   b - +0 robe
rPois   .          Reflect  .   (helmet restricted)
rElec   .          Harm     .   (no cloak)
rCorr   .          Rampage  .   (gloves unavailable)
Will    .....                   (boots unavailable)
Stlth   +++.......              (no amulet)
HPRegen 0.03/turn               (no ring)
MPRegen 0.09/turn               (no ring)

@: very quick
A: very small, no large weapons, unfitting armour, see invisible, speed 3
a: no special abilities


You were on level 1 of the Dungeon.
You visited 1 branch of the dungeon, and saw 1 of its levels.

You collected 6 gold pieces.

Inventory:

Hand Weapons
 a - a +1 dagger (weapon)
Armour
 b - a +0 robe (worn)
Scrolls
 e - a scroll of identify {unknown}
Potions
 c - a potion of invisibility
 d - a potion of attraction {unknown}


   Skills:
 + Level 0.0 Fighting
 + Level 1.2 Short Blades
 + Level 2.8 Dodging
 + Level 4.5 Stealth
 + Level 2.7 Spellcasting
 + Level 3.7 Hexes


You had 5 spell levels left.
You didn't know any spells.
Your spell library contained the following spells:

 Spells                   Type           Power      Damage    Failure   Level
 Confusing Touch          Hex            14%        N/A       13%         3
 Tukima's Dance           Hex            14%        N/A       13%         3
 Ensorcelled Hibernation  Hex/Ice        16%        N/A       14%         2
 Dazzling Flash           Conj/Hex       16%        N/A       26%         3


Dungeon Overview and Level Annotations

Branches:
Dungeon (1/15)

Altars:


Innate Abilities, Weirdness & Mutations

You are very small and have problems with some larger weapons.
You are too small for most types of armour.
You have supernaturally acute eyesight. (SInv)
You cover ground extremely quickly. (Speed+++)


Message History

You kill the bat!
No target in view!
No target in view!
No target in view!
Something bites the plant.
The plant begins to die.
Something bites the plant.
Something bites the plant.
Something bites the plant.
Something bites the plant.
A nearby plant withers and dies.
A rat is nearby!
A rat is nearby!
You barely miss the rat.
The kobold shouts!
The rat closely misses you.
You hit the rat.
You kill the rat!
A kobold comes into view. It is wielding a +0 short sword.
The kobold shouts!
You see here a rat corpse.
The kobold throws a stone.
The stone hits you but does no damage.
The kobold throws a stone.
The stone misses you.
The stone hits the plant.
The plant begins to die.
The kobold completely misses you.
You hit the kobold but do no damage. The kobold closely misses you.
You closely miss the kobold. The kobold barely misses you.
You miss the kobold. You closely miss the kobold. The kobold misses you.
The kobold completely misses you.
You closely miss the kobold.
A nearby plant withers and dies.
The kobold closely misses you.
The kobold hits you with a +0 short sword.
You closely miss the kobold.
The kobold hits you with a +0 short sword.
The kobold closely misses you.
You are too injured to fight recklessly!
You are too injured to fight recklessly!
You hit the kobold.
The kobold is moderately wounded.
The kobold hits you with a +0 short sword.
You die...

#......... #.........
##############.#####...
#.......†........# ####
...........##.##.#
#....P.......#.# .#
#...P.PP♣†..##.. #
#....♣♣♣....#####
..♣PK@♣P..#
#..P.♣K....# #..P
.♣♣P..# #.. .P ....# ##
... ....# ###. ...## ##
###


You could see 2 kobolds.

Vanquished Creatures
  A dart slug (D:1)
  A bat (D:1)
  A rat (D:1)
3 creatures vanquished.

Vanquished Creatures (others)
  A fungus (D:1)
  3 plants (D:1)
4 creatures vanquished.

Grand Total: 7 creatures vanquished

Notes
Turn   | Place    | Note
-------+----------+-------------------------------------------
     0 | D:1      | smarlow the Spriggan Enchanter began the quest for the Orb.
     0 | D:1      | Reached XP level 1. HP: 9/9 MP: 5/5
   128 | D:1      | Found a faded altar of an unknown god.
   168 | D:1      | Slain by a kobold

Illustrated notes

Levels and vault maps discovered:
D:1:      enne_arrival_octagon_isle, layout_basic,
          dreamdust_ecumenical_altar_grove, chequers_serial_rivers_micro_b

Action                   || total
-------------------------++-------
Melee: Dagger            ||    17
Armor: Robe              ||     3
Dodge: Dodged            ||    14
